 Dungeon Crawl Stone Soup version 0.26-a0-639-g72c4674329 (webtiles) character file.

Game seed: 16744230396540892473

(classic levelgen) 67 EnegeticOcto the Covered (level 3, -9/34 HPs)
             Began as a Deep Dwarf Fighter on Sept 23, 2020.
             Mangled by a large abomination (30 damage)
             ... on level 4 of the Dungeon.
             The game lasted 00:00:31 (898 turns).

EnegeticOcto the Covered (Deep Dwarf Fighter)        Turns: 898, Time: 00:00:32

Health: -9/34      AC:  8    Str: 20    XL:     3   Next: 98%
Magic:  2/2        EV:  7    Int:  8    God:
Gold:   136        SH:  9    Dex: 12    Spells: 2/2 levels left

rFire    . . .     SeeInvis .   a - +0 war axe
rCold    . . .     Faith    .   c - +0 kite shield
rNeg     . . .     Spirit   .   b - +0 scale mail
rPois    .         Reflect  .   m - +0 helmet
rElec    .         Harm     .   (no cloak)
rCorr    .         Rampage  .   (no gloves)
MR       .....                  (no boots)
Stlth    ..........             (no amulet)
HPRegen  0.00/turn              (no ring)
MPRegen  0.08/turn              (no ring)

@: non-regenerating
A: damage resistance, heal wounds, sense surroundings 1, no regeneration
a: Heal Wounds


You were on level 4 of the Dungeon.
You visited 1 branch of the dungeon, and saw 4 of its levels.
You visited the Abyss 1 time.

You collected 136 gold pieces.

Inventory:

Hand Weapons
 a - a +0 war axe (weapon)
Missiles
 n - 2 throwing nets (quivered)
Armour
 b - a +0 scale mail (worn)
 c - a +0 kite shield (worn)
 m - a +0 helmet (worn)
Scrolls
 f - 2 scrolls of fog {unknown}
 g - 2 scrolls of teleportation {unknown}
 i - 4 scrolls of identify {unknown}
 k - 2 scrolls of amnesia {unknown}
 l - a scroll of enchant armour {unknown}
Potions
 d - a potion of might {@q3}
 e - a potion of haste {unknown}
 h - a potion of degeneration {unknown}
 j - 2 potions of curing {unknown}


   Skills:
 + Level 3.1 Fighting
 * Level 3.4 Axes
 + Level 3.8 Armour
 + Level 3.8 Shields


You had 2 spell levels left.
You didn't know any spells.
Your spell library was empty.

Dungeon Overview and Level Annotations

Branches:
Dungeon (4/15)             Temple (0/1) D:4

Altars:
Kikubaaqudgha
Qazlal
Vehumet


Innate Abilities, Weirdness & Mutations

You are resistant to damage.
You can heal yourself by infusing magical energy.
You passively map a small area around you.
You do not regenerate.


Message History

No target in view!
No target in view!
No target in view!
No target in view!
No target in view!
No target in view!
No target in view!
No target in view!
No target in view!
No target in view!
No target in view!
You open the door.
There is an open door here.
You open the door.
There is an open door here.
You now have 89 gold pieces (gained 11).
You now have 99 gold pieces (gained 10).
There is an open door here.
j - 2 amethyst potions (gained 1)
Found a stone staircase leading up.
There is an open door here.
Found a stone staircase leading down.
You open the door.
There is an open door here.
Found a stone staircase leading down.
Found a leather armour.
Found a dagger.
You see here a leather armour.
i - 4 scrolls labeled DIL GORROULES (gained 1)
You now have 112 gold pieces (gained 13).
A giant cockroach comes into view.
A giant cockroach is nearby!
Your shield prevents you from hitting the giant cockroach.
You block the giant cockroach's attack. x2
You closely miss the giant cockroach. You block the giant cockroach's attack.
Your shield prevents you from hitting the giant cockroach.
The giant cockroach bites you but does no damage. x2
You slash the giant cockroach!
You kill the giant cockroach!
No target in view!
No target in view!
No target in view!
No target in view!
No target in view!
No target in view!
No target in view!
No target in view!
You see here a giant cockroach corpse.
An orc comes into view. It is wielding a +0 war axe.
The orc shouts!
You hear a shout!
An orc comes into view. It is wielding a +0 whip.
An orc comes into view.
It is wielding a +0 short sword of distortion.
An orc wizard comes into view. It is wielding a +0 dagger.
The orc wizard shouts!
The orc shouts!
You block the orc's attack.
You slash the orc!
You kill the orc!
The orc wizard gestures wildly while chanting.
The orc wizard blinks!
The orc hits you with a +0 whip.
You closely miss the orc. You block the orc's attack.
You barely miss the orc. You closely miss the orc.
The orc hits you but does no damage.
You are cast into the Abyss!
To return, you must find a gate leading back.
Killing monsters will force the Abyss to allow you passage.
This branch contains the abyssal rune of Zot.
Found a glaive.
Found a corrupted altar of Lugonu.
Found 23 bolts.
Found a gateway leading out of the Abyss.
A large abomination comes into view.
You now have 136 gold pieces (gained 24).
Found 35 gold pieces.
Found a scroll labeled URONEM WOER.
There is a gateway leading out of the Abyss here.
You block the large abomination's attack.
You pass through the gate.
Welcome back to the Dungeon!
You block the orc's attack. x2
The orc hits you but does no damage.
The orc hits you with a +0 short sword of distortion.
The orc hits you but does no damage.
You hit the large abomination but do no damage.
You closely miss the orc. You hit the orc. You hit the orc wizard.
The orc wizard mumbles some strange words.
The orc wizard blinks!
The orc hits you but does no damage. Space bends around you.
The large abomination hits you. The orc hits you but does no damage.
The orc wizard gestures at you while chanting.
The magic dart hits you. The orc hits you but does no damage.
Space bends around you.
You closely miss the orc.
The orc is severely wounded.
You hit the large abomination but do no damage.
You slash the orc wizard! You slash the orc!
You kill the orc!
You block the large abomination's attack.
The orc hits you but does no damage. You block the orc wizard's attack.
The large abomination hits you!!
Ouch! That really hurt!
You die...

#########...# #.#
............###.####### *
............#.........#
............#.#.#####.
............#.#.†...#.#
............#.#.......#
............#.#.#.######
......[.....#.#o.).......
............#.#.@.#######
............#.#X)o#
............#.#...#
......).....#.#...#
.######+#+#.#.#...# .#
#.#.#.#.#...# ** * * .#
#.#.#...#.... ,
.######.#.###.#..##
.............># ,,,,,


You could see a large abomination, an orc wizard and an orc.

Vanquished Creatures
  3 gnolls (D:4)
  An adder (D:3)
  A worm (D:2)
  A leopard gecko (D:4)
  3 orcs
  2 bats
  2 giant cockroaches
  2 jackals (D:3)
  A quokka (D:3)
  A ball python (D:4)
  5 kobolds (D:2)
  3 rats
25 creatures vanquished.

Notes
Turn   | Place    | Note
-------+----------+-------------------------------------------
     0 | D:1      | EnegeticOcto the Deep Dwarf Fighter began the quest for the
                  | Orb.
     0 | D:1      | Reached XP level 1. HP: 20/20 MP: 1/1
    81 | D:2      | Reached XP level 2. HP: 27/27 MP: 2/2
   350 | D:3      | Reached XP level 3. HP: 28/33 MP: 3/3
   538 | D:4      | Found a radiant altar of Vehumet.
   538 | D:4      | Found a stormy altar of Qazlal.
   570 | D:4      | Found an ancient bone altar of Kikubaaqudgha.
   851 | D:4      | Cast into level 1 of the Abyss (orc)
   856 | Abyss:1  | Found a corrupted altar of Lugonu.
   888 | Abyss:1  | Noticed a large abomination
   895 | Abyss:1  | Noticed a ynoxinul
   896 | D:4      | Escaped the Abyss
   898 | D:4      | Mangled by a large abomination

Illustrated notes

Levels and vault maps discovered:
D:1:      ebering_hopf_link, layout_basic
D:2:      layout_basic, chequers_serial_rivers_micro_c
D:3:      layout_loops_ring, lemuel_round_altar
D:4:      layout_basic, lemuel_round_altar,
          chequers_temple_overflow_statue_of_worship,
          minmay_temple_entry_enclosed_plants, uniq_pikel

Skill      XL: |  1  2  3 |
---------------+----------+-----
Axes           | 3 |  3.4
Fighting       | 3 |  3.1
Armour         | |  3.8
Shields        | |  3.8

Action                   || total
-------------------------++-------
Melee: War axe           ||    78
 Abil: Heal Wounds       ||     1
Armor: Scale mail        ||    34
Dodge: Dodged            ||    33
Block: Kite shield       ||    49

Table legend: (Time is in decaauts)
 A = Elapsed time spent in this place.
 B = Non-inter-level travel time spent in this place.
 C = Inter-level travel time spent in this place.
 D = Time resting spent in this place.
 E = Time spent auto-exploring this place.
 F = Levels seen in this place.
 G = Mean time per level.
                   A        B        C        D        E       F      G
               +--------+--------+--------+--------+--------+-----+--------+
         Total |    934 |    914 |     20 |      0 |    704 |   5 |  186.8 |
       Dungeon |    889 |    869 |     20 |      0 |    669 |   4 |  222.2 |
         Abyss |     45 |     45 |      0 |      0 |     35 |   1 |   45.0 |
               +--------+--------+--------+--------+--------+-----+--------+

Top non-repeatable levels by time:
     D:4: 461 daAuts
     D:2: 228 daAuts
     D:3: 174 daAuts
 Abyss:1: 45 daAuts
     D:1: 24 daAuts
